 Dungeon Crawl Stone Soup version 0.20.2 (webtiles) character file.

2837 Alfie the Archer (level 9, -3/79 HPs)
             Began as a Minotaur Hunter on Mar 31, 2020.
             Slain by Grum
             ... wielding a +0 spear
              (6 damage)
             ... on level 8 of the Dungeon.
             The game lasted 00:20:36 (5241 turns).

Alfie the Archer (Minotaur Hunter)                  Turns: 5241, Time: 00:20:36

Health: -3/79      AC:  4    Str: 21    XL:     9   Next: 46%
Magic:  8/8        EV: 13    Int:  8    God:
Gold:   388        SH:  0    Dex: 10    Spells: 8/8 levels left

rFire    . . .     SeeInvis .   a - +2 shortbow
rCold    . . .     Gourm    .   (shield currently unavailable)
rNeg     . . .     Faith    .   c - +1 leather armour
rPois    .         Spirit   .   (helmet restricted)
rElec    .         Reflect  .   (no cloak)
rCorr    .         Harm     .   (no gloves)
MR       +....                  (no boots)
Stlth    ++........             (no amulet)
Regen    0.3/turn               e - ring of protection from magic
MPRegen  0.2/turn               (no ring)

@: no status effects
A: retaliatory headbutt, horns 2
a: no special abilities


You were on level 8 of the Dungeon.
You were not hungry.

You visited 1 branch of the dungeon, and saw 8 of its levels.

You collected 388 gold pieces.

Inventory:

Hand Weapons
 a - a +2 shortbow (weapon)
 q - a +2 short sword of speed
Missiles
 d - 17 arrows (quivered)
 o - 5 tomahawks
Armour
 c - a +1 leather armour (worn)
Jewellery
 e - a ring of protection from magic (left hand)
 v - an uncursed ring of resist corrosion
Wands
 u - a wand of lightning (6/15)
 y - a wand of paralysis (1/24)
Scrolls
 g - 4 scrolls of amnesia
 j - 2 scrolls of magic mapping
 r - 3 scrolls of identify
 w - a scroll of teleportation
 A - a scroll of remove curse
Potions
 b - a potion of magic {unknown}
 h - 2 potions of haste
 l - 2 potions of brilliance {unknown}
 m - 4 potions of curing
 n - 4 potions of agility {unknown}
 p - a potion of resistance {unknown}
 s - 2 potions of invisibility {unknown}
 t - 2 potions of lignification {unknown}
Comestibles
 f - 3 bread rations
 i - 4 meat rations
 x - 6 fruits
 z - 5 royal jellies


   Skills:
 + Level 7.1 Fighting
 + Level 4.1 Short Blades
 + Level 11.3 Bows
 + Level 4.0 Armour
 + Level 4.0 Dodging
 + Level 2.0 Stealth


You had 8 spell levels left.
You didn't know any spells.

Dungeon Overview and Level Annotations

Branches:
Dungeon (8/15)             Temple (0/1) D:5
   Lair: D:8-11

Altars:
Fedhas
Gozag
Hepliaklqana
Kikubaaqudgha
Uskayaw
Vehumet

Annotations:
D:8 Grum


Innate Abilities, Weirdness & Mutations

You reflexively headbutt those who attack you in melee.
You have a pair of horns on your head.


Message History

Press: ? - help, Shift-Dir - straight line, f/p - wolf
Aim: a wolf (severely wounded)
You shoot an arrow. The arrow hits the wolf.
The wolf is almost dead.
The wolf bites you.
Firing (i - inventory. (,) - cycle):
d - 19 arrows (quivered)
Press: ? - help, Shift-Dir - straight line, f/p - wolf
Aim: a wolf (almost dead)
You shoot an arrow. The arrow closely misses the wolf.
The wolf bites you but does no damage. Grum hits you from afar with a spear!!
* * * LOW HITPOINT WARNING * * *
The wolf bites you.
* * * LOW HITPOINT WARNING * * *
Firing (i - inventory. (,) - cycle):
d - 18 arrows (quivered)
Press: ? - help, Shift-Dir - straight line, f/p - wolf
Aim: a wolf (almost dead)
You shoot an arrow. The arrow barely misses the wolf.
The wolf bites you.
* * * LOW HITPOINT WARNING * * *
Grum hits you from afar with a spear.
You die...

#...(..(...
......... #....(..
...... #.... ####
.(g ##..###h#
##.....#@##
##.........#
##..........#
##...........##
#.............#
##.............##
#...............#
#.............#.#
##...........##.##


You could see Grum and a wolf.

Vanquished Creatures
  The ghost of Alfie the Shooter, an amateur MiHu (D:3)
  2 yaks (D:7)
  A human (D:7)
  2 hogs (D:7)
  2 ice beasts
  A necrophage (D:8)
  An orc warrior (D:7)
  A black bear (D:3)
  A phantom (D:4)
  A centaur (D:6)
  3 ogres
  2 wolves (D:8)
  A bullfrog (D:6)
  A scorpion (D:7)
  4 crimson imps
  2 jellies
  2 orc priests
  A bullfrog skeleton (D:8)
  2 centaur skeletons
  2 orc wizards
  6 worker ants
  A hound zombie (D:7)
  5 gnolls
  5 adders
  A shadow imp (D:6)
  3 oozes
  3 adder skeletons
  A worm (D:2)
  2 dart slugs
  4 leopard geckos
  19 orcs
  4 giant cockroaches
  8 goblins
  4 hobgoblins
  2 jackals (D:2)
  2 quokkas
  3 ball pythons
  8 bats
  8 frilled lizards
  A jackal zombie (D:7)
  4 kobolds
  A leopard gecko skeleton (D:7)
  A leopard gecko zombie (D:5)
  A quokka skeleton (D:5)
  9 rats
139 creatures vanquished.

Notes
Turn   | Place    | Note
-------+----------+-------------------------------------------
     0 | D:1      | Alfie the Minotaur Hunter began the quest for the Orb.
     0 | D:1      | Reached XP level 1. HP: 18/18 MP: 0/0
   385 | D:1      | Reached XP level 2. HP: 25/25 MP: 1/1
   475 | D:1      | Reached skill level 5 in Bows
   679 | D:1      | Reached XP level 3. HP: 30/30 MP: 2/2
   991 | D:2      | Found an ancient bone altar of Kikubaaqudgha.
  1083 | D:2      | Reached XP level 4. HP: 37/37 MP: 3/3
  1167 | D:2      | Reached skill level 1 in Armour
  1618 | D:3      | Noticed a black bear
  1628 | D:3      | Killed a black bear
  1628 | D:3      | Reached skill level 6 in Bows
  1628 | D:3      | Reached XP level 5. HP: 33/44 MP: 4/4
  1790 | D:3      | Noticed Alfie's ghost (amateur MiHu)
  1805 | D:3      | Killed Alfie's ghost
  1805 | D:3      | Reached skill level 1 in Short Blades
  1805 | D:3      | Reached skill level 7 in Bows
  1805 | D:3      | Reached skill level 1 in Stealth
  1805 | D:3      | Reached XP level 6. HP: 18/51 MP: 5/5
  2459 | D:4      | Reached XP level 7. HP: 53/58 MP: 6/6
  2800 | D:4      | Found a blossoming altar of Fedhas.
  2808 | D:4      | Found a hide-covered altar of Uskayaw.
  2813 | D:4      | Found a radiant altar of Vehumet.
  2959 | D:5      | Entered Level 5 of the Dungeon
  2983 | D:5      | Found a staircase to the Ecumenical Temple.
  3217 | D:5      | Reached skill level 8 in Bows
  3505 | D:6      | Reached XP level 8. HP: 62/67 MP: 7/7
  3580 | D:6      | Reached skill level 9 in Bows
  3730 | D:6      | Reached skill level 5 in Fighting
  4394 | D:7      | Reached skill level 10 in Bows
  4474 | D:7      | Found a flagged portal.
  4780 | D:7      | Reached XP level 9. HP: 77/77 MP: 8/8
  4871 | D:7      | Reached skill level 11 in Bows
  4930 | D:7      | Found a hazy altar of Hepliaklqana.
  4931 | D:7      | Found an opulent altar of Gozag.
  5225 | D:8      | Noticed Grum
  5241 | D:8      | HP: 3/79 [wolf[Grum] (2)]
  5241 | D:8      | Slain by Grum

Skill      XL: |  1  2  3  4  5  6  7  8  9 |
---------------+----------------------------+-----
Bows           | 5 6 7 8 10 11 | 11.3
Armour         | 2 3 4 |  4.0
Fighting       | 3 4 6 7 |  7.1
Short Blades   | 1 2 3 4 |  4.1
Stealth        | 1 2 |  2.0
Dodging        | 3 4 |  4.0

Action                   |  1- 3 |  4- 6 |  7- 9 || total
-------------------------+-------+-------+-------++-------
Melee: Short sword       |     5 |    55 |    42 ||   102
       Headbutt          |     2 |     9 |     8 ||    19
 Fire: Shortbow          |    84 |    52 |   308 ||   444
  Use: Scroll            |       |     9 |    10 ||    19
       Potion            |       |       |     4 ||     4
 Stab: Sleeping          |       |       |     1 ||     1
  Eat: Bread ration      |       |     1 |     2 ||     3
Armor: Leather armour    |     2 |    16 |    18 ||    36
Dodge: Dodged            |    18 |    48 |    74 ||   140
